 Dungeon Crawl Stone Soup version 0.32-a0-571-gec57dfcd37 (webtiles) character file.

Game seed: 17851518258817502404

89 hikkokomori the Cudgeller (level 4, -1/41 HPs)
             Began as a Mountain Dwarf Cinder Acolyte on Mar 1, 2024.
             Was a High Priest of Ignis.
             Slain by a goblin
             ... wielding a +1 dagger of electrocution
              (3 damage)
             ... on level 3 of the Dungeon.
             The game lasted 00:06:00 (2030 turns).

hikkokomori the Cudgeller (MDCA)                    Turns: 2030, Time: 00:06:00

Health: -1/41      AC:  8    Str: 17    XL:     4   Next: 31%
Magic:  5/5        EV: -2    Int: 16    God:    Ignis [*****.]
Gold:   128        SH:  0    Dex:  5    Spells: 5/5 levels left

rFire   + . .        a - -1 mace (flame)
rCold   . . .        (no shield)
rNeg    . . .        n - +0 chain mail
rPois   .            (no helmet)
rElec   .            (no cloak)
rCorr   .            (no gloves)
SInv    .            (no boots)
Will    .....        (no amulet) Stlth
                     (no ring)
HPRegen 0.26/turn    (no ring)
MPRegen 0.09/turn

%: no passive effects
@: constricted
A: runic magic, artefact enchanting
a: Renounce Religion, Fiery Armour, Foxfire Swarm, Rising Flame


You were on level 3 of the Dungeon.
You worshipped Ignis.
Ignis was extremely pleased with you.
You visited 1 branch of the dungeon, and saw 3 of its levels.

You collected 128 gold pieces.

Inventory:

Hand Weapons
 a - a -1 mace of flaming (weapon)
Armour
 b - a +0 robe
 n - a +0 chain mail (worn)
Jewellery
 c - a ring of fire
Scrolls
 d - 2 scrolls of identify {unknown}
 e - 2 scrolls of teleportation {unknown}
 g - a scroll of acquirement {unknown}
 j - a scroll of fog {unknown}
 o - a scroll of butterflies {unknown}
 p - a scroll of poison {unknown}
Potions
 f - a potion of lignification {unknown}
 h - a potion of invisibility {unknown}
 i - 2 potions of curing {unknown}
 k - a potion of brilliance {unknown}
 l - a potion of might {unknown}
 m - a potion of enlightenment {unknown}
 q - a potion of mutation {unknown}


   Skills:
 + Level 4.4 Fighting
 + Level 4.9 Maces & Flails
 - Level 1.1 Spellcasting
 - Level 4.0 Fire Magic


You had 5 spell levels left.
You didn't know any spells.
Your spell library contained the following spells:

 Spells                   Type           Power      Damage    Failure   Level
 Scorch                   Fire           26%        2d6       12%         2
 Mercury Vapours          Alch/Air       0%         N/A       54%         2
 Mephitic Cloud           Conj/Alch/Air  0%         N/A       77%         3
 Freezing Cloud           Conj/Ice/Air   0%         6-21      100%        5


Dungeon Overview and Level Annotations

Branches:
Dungeon (3/15)

Altars:


Innate Abilities, Weirdness & Mutations

Your spellcasting is much less encumbered by armour.
You can use scrolls of enchantment on lesser artefacts.


Message History

You are too injured to fight recklessly!
You are too injured to fight recklessly!
You hit the orc priest. You burn the orc priest.
The orc priest is moderately wounded.
A quokka comes into view.
The orc barely misses you. The orc hits you with a +0 flail.
The orc priest hits you but does no damage.
The ball python bites you but does no damage.
The ball python barely misses you.
You hit the orc priest but do no damage.
The orc priest is moderately wounded.
The orc priest completely misses you. The orc hits you but does no damage.
The orc hits you with a +0 flail. The goblin barely misses you.
The ball python bites you but does no damage.
The ball python barely misses you.
You hit the orc priest but do no damage.
The orc priest is moderately wounded.
The ball python bites you. The ball python grabs you.
The ball python constricts you.
The orc priest hits you with a +0 hand axe.
The goblin hits you with a +1 dagger of electrocution.
The orc hits you but does no damage. x2
The ball python bites you but does no damage.
The ball python constricts you.
You hit the orc priest but do no damage.
The orc priest is moderately wounded.
The orc priest hits you with a +0 hand axe.
* * * LOW HITPOINT WARNING * * *
The orc hits you but does no damage. The orc hits you with a +0 flail!
* * * LOW HITPOINT WARNING * * *
The goblin hits you with a +1 dagger of electrocution.
* * * LOW HITPOINT WARNING * * *
The ball python bites you but does no damage.
The ball python constricts you.
The orc priest invokes the aid of Beogh against you.
Pain shoots through your body!
* * * LOW HITPOINT WARNING * * *
The goblin hits you with a +1 dagger of electrocution.
You die...
Ignis goes out, and joins you in death.

#### .. ... ##..)##.#
..# ##.......##...#
#.......#.. #.# #
#......... #.# #
#.......#####.# #
#......)...#.# #####
##.S...####...###....
#..o@...# ###..(...##
#....oog..##...........
.....r.....##.##.#......
............. .....#....
........................
..................######
.............##.#.# #
.........######.#.#


You could see an orc priest, 2 orcs, a quokka, a goblin and a ball python.

Vanquished Creatures
  An iguana (D:2)
  An adder (D:2)
  4 dart slugs (D:1)
  A ribbon worm (D:2)
  An orc (D:3)
  3 bats
  4 endoplasms
  3 giant cockroaches (D:1)
  5 goblins
  3 hobgoblins
  6 kobolds
  A quokka (D:2)
  4 ball pythons
  2 frilled lizards
  2 rats (D:1)
41 creatures vanquished.

Notes
Turn   | Place    | Note
-------+----------+-------------------------------------------
     0 | D:1      | hikkokomori the Mountain Dwarf Cinder Acolyte began the
                  | quest for the Orb.
     0 | D:1      | Reached XP level 1. HP: 19/19 MP: 2/2
    89 | D:1      | Reached XP level 2. HP: 13/26 MP: 3/3
   531 | D:1      | Reached XP level 3. HP: 31/33 MP: 4/4
  1834 | D:3      | Found a faded altar of an unknown god.
  1858 | D:2      | Reached XP level 4. HP: 10/41 MP: 5/5
  2030 | D:3      | HP: 2/41 [orc priest/nerve-wracking pain (1)]
  2030 | D:3      | Slain by a goblin

Illustrated notes

Levels and vault maps discovered:
D:1:      dpeg_arrival_court, layout_basic
D:2:      layout_basic
D:3:      layout_rooms, basic_ecumenical_altar, solitary_fountain, st_stairs_4

Skill      XL: |  1  2  3 |
---------------+----------+-----
Maces & Flails | 4 |  4.9
Fire Magic     | 4 |  4.0
Fighting       | 4 |  4.4
Spellcasting   | |  1.1

Action                     |  1- 3 |  4- 6 || total
---------------------------+-------+-------++-------
  Melee: Mace              |   145 |    12 ||   157
 Invoke: Fiery Armour      |     1 |       ||     1
 Armour: Robe              |    77 |       ||    77
         Chain mail        |    31 |    29 ||    60
  Dodge: Dodged            |    83 |     9 ||    92

Table legend: (Time is in decaauts)
 A = Elapsed time spent in this place.
 B = Non-inter-level travel time spent in this place.
 C = Inter-level travel time spent in this place.
 D = Time resting spent in this place.
 E = Time spent auto-exploring this place.
 F = Levels seen in this place.
 G = Mean time per level.
                   A        B        C        D        E       F      G
               +--------+--------+--------+--------+--------+-----+--------+
         Total |   2059 |   1924 |    135 |      0 |   1483 |   3 |  686.3 |
       Dungeon |   2059 |   1924 |    135 |      0 |   1483 |   3 |  686.3 |
               +--------+--------+--------+--------+--------+-----+--------+

Top non-repeatable levels by time:
     D:2: 1068 daAuts
     D:1: 806 daAuts
     D:3: 184 daAuts
